Map: Efflorescence LE

Players

Anuviel - Winner!

  • Race: Protoss Protoss
  • League: Diamond
  • Spawn Location: 12:00

Comic - Winner!

  • Race: Zerg Zerg
  • League: Diamond
  • Spawn Location: 3:00

qqq

  • Race: Protoss Protoss
  • Spawn Location: 6:00

Massa

  • Race: Terran Terran
  • League: Gold
  • Spawn Location: 9:00

VOD

Have the link to the VOD?

Description

Time

  • Played on: July 16, 2020, 12:09 p.m.
  • Length: 6:39
Show
View Real Time Build Order
Export as new Build Order

Anuviel Protoss - Winner!

Build Orders: Oracle Opening 

Get SALT Encoding   

  12  0:02  Probe  
  14  0:14  Probe  
  14  0:19  Pylon  
  14  0:26  Probe  
  15  0:39  Gateway  
  15  0:45  Assimilator  
  15  0:48  Probe  
  15  0:51  Assimilator  
  15  0:56  Probe  
  17  1:06  Probe  
  18  1:16  Probe  
  19  1:24  Probe  
  19  1:32  Probe  
  21  1:43  Zealot  
  23  1:47  Cybernetics Core  
  23  2:02  Probe  
  23  2:04  Pylon  
  23  2:28  Stargate  
  23  2:36  Probe  
  24  2:48  Probe  
  24  2:50  Pylon  
  25  3:00  Probe  
  26  3:14  Oracle  
  29  3:29  Nexus  
  29  3:44  Probe  
  29  3:48  Stargate  
  30  3:57  Probe  
  31  4:09  Probe  
  32  4:21  Oracle  
  33  4:48  Oracle  
  33  4:50  Probe  
  33  4:51  Probe  
  38  4:59  Probe  
  38  5:00  Probe  
  38  5:02  Assimilator  
  38  5:06  Assimilator  
  40  5:07  Probe  
  40  5:08  Probe  
  40  5:10  Void Ray  
  46  5:17  Probe x2  
  48  5:29  Probe  
  49  5:51  Void Ray  
  53  6:03  Probe  
  54  6:10  Pylon  
  54  6:12  Pylon  
  54  6:13  Pylon  
  54  6:22  Pylon  
  54  6:24  Pylon  
Show
View Real Time Build Order
Export as new Build Order

Comic Zerg - Winner!

Build Orders: Pool First 

Get SALT Encoding   

  12  0:02  Drone  
  13  0:08  Drone  
  14  0:22  Extractor  
  14  0:23  Drone  
  14  0:33  Spawning Pool  
  13  0:41  Overlord  
  13  1:16  Hatchery  
  12  1:20  Zergling x4  
  14  1:29  Zergling x2  
  15  1:35  Zergling x2  
  16  1:41  Metabolic Boost  
  16  2:02  Zergling x4  
  16  2:05  Queen  
  20  2:20  Drone x2  
  22  2:46  Drone x3  
  22  2:48  Queen  
  22  2:50  Drone  
  28  2:53  Overlord  
  25  3:16  Drone x4  
  25  3:17  Zergling x4  
  25  3:18  Zergling x2  
  32  3:33  Zergling x2  
  32  3:34  Zergling x6  
  35  3:41  Evolution Chamber  
  34  3:58  Zergling x2  
  34  4:00  Overlord x2  
  34  4:01  Overlord  
  34  4:17  Zergling x2  
  34  4:18  Overlord  
  34  4:19  Overlord x2  
  31  5:01  Zergling x14  
  31  5:02  Zergling x2  
  38  5:10  Spine Crawler  
  37  5:14  Spine Crawler  
  37  5:16  Drone  
  37  5:17  Drone  
  37  5:18  Spine Crawler  
  36  5:27  Drone  
  36  5:28  Drone  
  38  5:34  Lair  
  38  5:36  Drone  
Show
View Real Time Build Order
Export as new Build Order

qqq Protoss 

Build Orders: Cannon Rush 

Get SALT Encoding   

  12  0:02  Probe  
  13  0:14  Pylon  
  13  0:18  Probe  
  14  0:36  Forge  
  14  0:50  Gateway  
  14  1:00  Probe  
  15  1:06  Pylon  
  15  1:12  Probe  
  15  1:14  Pylon  
  16  1:19  Pylon  
  16  1:31  Photon Cannon  
  16  1:45  Photon Cannon  
  16  1:56  Photon Cannon  
  16  2:06  Pylon  
  16  2:19  Pylon  
  16  2:33  Photon Cannon  
  16  2:44  Photon Cannon  
  16  2:57  Cybernetics Core  
  16  3:09  Photon Cannon  
  16  3:10  Zealot  
  18  3:21  Probe  
  18  3:33  Probe  
  18  3:45  Probe  
  18  3:48  Pylon  
  19  3:55  Zealot  
  21  4:00  Assimilator  
  21  4:01  Probe  
  22  4:04  Assimilator  
  22  4:08  Photon Cannon  
  7  4:46  Probe  
  7  4:47  Pylon  
  8  5:07  Photon Cannon  
  5  5:38  Probe  
  5  6:20  Probe  
Show
View Real Time Build Order
Export as new Build Order

Massa Terran 

Build Orders:  

Get SALT Encoding   

  12  0:02  SCV  
  13  0:15  SCV  
  13  0:19  Supply Depot  
  14  0:27  SCV  
  15  0:40  SCV  
  15  0:41  Barracks  
  16  0:49  Refinery  
  16  0:53  SCV  
  17  1:05  SCV  
  18  1:17  SCV  
  19  1:29  SCV  
  19  1:31  Reaper  
  21  1:45  Command Center  
  22  1:50  Orbital Command  
  21  2:03  Reaper  
  22  2:17  SCV  
  23  2:26  Barracks  
  23  2:41  Supply Depot  
  23  2:52  Factory  
  23  2:57  SCV  
  24  3:05  Marine, Supply Depot  
  25  3:15  Marine  
  25  3:19  Bunker  
  25  3:22  Bunker  
  25  3:23  Marine  
  24  3:28  Supply Depot  
  24  3:33  Marine  
  23  3:41  Marine  
  22  3:45  Barracks  
  22  3:49  SCV  
  22  3:51  Marine  
  23  3:59  Marine  
  23  4:01  SCV, Hellion  
  27  4:13  SCV  
  27  4:16  Marine  
  28  4:22  Hellion  
  29  4:25  SCV  
  21  4:47  Supply Depot  
  17  4:53  Supply Depot  
  12  5:01  Widow Mine  
  12  5:05  Marine  
  15  5:09  SCV  
  16  5:21  SCV  
  16  5:23  Marine  
  16  5:31  Widow Mine  
  16  5:33  SCV  
  19  5:38  SCV  
  19  5:41  Marine  
  21  5:45  SCV  
  20  5:50  SCV  
  20  5:52  Widow Mine  
  21  5:57  SCV  
  21  6:02  SCV  
  23  6:06  Marine  
  21  6:30  Factory  
  21  6:33  Barracks  
Tags
 
Add a new tag
Caveats
  • Supply blocks, unpowered buildings, or Contaminate may cause inaccurate times.
  • Supply counts are checked every 10 seconds.